 Dungeon Crawl Stone Soup version 0.27-a0-32-g443bf2d2ca (webtiles) character file.

Game seed: 18013756605655968503

43 Descartes the Sneak (level 3, 0/17 HPs)
             Began as a Felid Delver on Jan 4, 2021.
             Killed from afar by a white imp (11 damage)
             ... with a puff of frost
             ... on level 6 of the Dungeon.
             The game lasted 00:01:14 (507 turns).

Descartes the Sneak (Felid Delver)                   Turns: 507, Time: 00:01:15

Health: 0/17       AC:  1    Str:  9    XL:     3   Next: 37%
Magic:  4/4        EV: 19    Int: 11    God:
Gold:   0          SH:  0    Dex: 17    Spells: 2/2 levels left
                                        Lives:  0   Deaths: 1

rFire    . . .     SeeInvis +     - Unarmed
rCold    . . .     Faith    .   (shield unavailable)
rNeg     . . .     Spirit   .   (armour unavailable)
rPois    .         Reflect  .   (helmet unavailable)
rElec    .         Harm     .   (cloak unavailable)
rCorr    .         Rampage  .   (gloves unavailable)
Will     .....                  (boots unavailable)
Stlth    ++++......             (no amulet)
HPRegen  0.05/turn              (no ring)
MPRegen  0.09/turn              (no ring)

@: quick
A: very small, no armour, no weapons or thrown items, stealth, claws 1, fangs 3,
see invisible, speed 1, shaggy fur 1, sharp paws
a: no special abilities


You were on level 6 of the Dungeon.
You visited 1 branch of the dungeon, and saw 4 of its levels.

Inventory:

Wands
 e - a wand of digging (3)
 g - a wand of polymorph (9)
Scrolls
 a - a scroll of fog
 b - 2 scrolls of magic mapping
 c - a scroll of fear
 f - a scroll of blinking {unknown}
Potions
 d - a potion of haste


   Skills:
 - Level 3.0 Fighting
 + Level 3.8 Dodging
 * Level 7.9 Stealth
 + Level 2.9 Unarmed Combat


You had 2 spell levels left.
You didn't know any spells.
Your spell library was empty.

Dungeon Overview and Level Annotations

Branches:
Dungeon (7/15)
 Temple: D:4-7

Altars:
Sif Muna


Innate Abilities, Weirdness & Mutations

You cannot wear armour.
You are incapable of wielding weapons or throwing items.
Your paws allow you to move quietly. (Stealth)
You have sharp claws.
You have razor-sharp teeth.
You have supernaturally acute eyesight. (SInv)
You cover ground quickly.
You are covered in fur. (AC +1)
Your sharp claws are effective at attacking unaware monsters.


Message History

The puff of frost hits you!
You die...
You are now level 3!
You rejoin the land of the living...
An orc comes into view. It is wielding a +0 flail.
The orc moves out of view.
An orc warrior comes into view. It is wielding a +0 battleaxe.
The orc warrior moves out of view.
The orc warrior shouts!
You completely miss the orc. You bite the orc, but do no damage.
The orc hits you with a +0 flail.
You scratch the orc but do no damage. You bite the orc, but do no damage.
You scratch the orc.
The orc is moderately wounded.
The orc hits you but does no damage. The white imp spits at you.
The white imp gestures at you. The puff of frost hits you!
Ouch! That really hurt!
You die...

#.#.####
#.#.#########
#o#.........#
#.#########.# #.#
#.# #.# #.# #.# #.#
#.#########.#######
#....@....5........
###########.######.
#.# ##. #.# ... #.#
###.# #.# #...
#.####.###
#......>.#
########†#


You could see a white imp.

Vanquished Creatures
  An ogre (D:4)
  An adder (D:4)
  A leopard gecko (D:4)
  A leopard gecko skeleton (D:6)
4 creatures vanquished.

Notes
Turn   | Place    | Note
-------+----------+-------------------------------------------
     0 | D:5      | Descartes the Felid Delver began the quest for the Orb.
     0 | D:5      | Reached XP level 1. HP: 10/10 MP: 2/2
     5 | D:4      | Found a shimmering blue altar of Sif Muna.
     5 | D:4      | Noticed an ogre
     9 | D:4      | Reached XP level 2. HP: 14/14 MP: 3/3
    16 | D:4      | Killed an ogre
    17 | D:4      | Reached skill level 7 in Stealth
    17 | D:4      | Reached XP level 3. HP: 3/17 MP: 4/4
    17 | D:4      | Reached XP level 4. HP: 3/21 MP: 5/5
   274 | D:5      | You fall into a shaft and drop 2 floors!
   478 | D:6      | HP: 1/21 [white imp/puff of frost (9)]
   480 | D:6      | Killed from afar by a white imp
   481 | D:6      | Reached XP level 3. HP: -6/17 MP: 4/4
   483 | D:6      | Noticed an orc warrior
   507 | D:6      | Killed from afar by a white imp

Illustrated notes

Levels and vault maps discovered:
D:4:      layout_cave_pods, gammafunk_temple_overflow_forgotten, uniq_menkaure,
          uniq_sigmund
D:5:      wad_pebble_path, layout_basic, nicolae_overflow_hidden_temple,
          serial_shops, shop, serial_bayou_lagoon_b
D:6:      layout_loops_ring, nicolae_qazlal_eye_of_the_storm
D:7:      layout_basic, lemuel_crystal_altar, minmay_temple_entry_butterflies,
          serial_shops, shop, kennysheep_mini, shop, basic_altar,
          uniq_prince_ribbit1, uniq_pikel, uniq_maggie

Skill      XL: |  1  2 |
---------------+-------+-----
Dodging        | 3 |  3.8
Stealth        | 7 |  7.9
Fighting       | |  3.0
Unarmed Combat | |  2.9

Action                   |  1- 3 |  4- 6 || total
-------------------------+-------+-------++-------
Melee: Unarmed           |     8 |    15 ||    23
       Bite              |     2 |     2 ||     4
       Punch             |       |     2 ||     2
 Stab: Sleeping          |     2 |       ||     2
Armor: Skin              |       |     1 ||     1
Dodge: Dodged            |     2 |    10 ||    12

Table legend: (Time is in decaauts)
 A = Elapsed time spent in this place.
 B = Non-inter-level travel time spent in this place.
 C = Inter-level travel time spent in this place.
 D = Time resting spent in this place.
 E = Time spent auto-exploring this place.
 F = Levels seen in this place.
 G = Mean time per level.
                   A        B        C        D        E       F      G
               +--------+--------+--------+--------+--------+-----+--------+
         Total |    476 |    476 |      0 |    231 |    142 |   4 |  119.0 |
       Dungeon |    476 |    476 |      0 |    231 |    142 |   4 |  119.0 |
               +--------+--------+--------+--------+--------+-----+--------+

Top non-repeatable levels by time:
     D:4: 256 daAuts
     D:6: 201 daAuts
     D:5: 11 daAuts
     D:7: 7 daAuts
